 Dungeon Crawl Stone Soup version 0.18-a0-943-g2c08dd4 (webtiles) character file.

245 Duffy the Poker (level 5, -2/45 HPs)
             Began as a Centaur Fighter on Dec 29, 2015.
             Was an Initiate of Okawaru.
             Succumbed to a worker ant's poison
             ... on level 4 of the Dungeon.
             The game lasted 00:03:07 (3517 turns).

Duffy the Poker (Centaur Fighter)                   Turns: 3517, Time: 00:03:07

Health: -2/45      AC:  7    Str: 19    XL:     5   Next: 84%
Magic:  5/5        EV:  5    Int:  8    God:    Okawaru [......]
Gold:   260        SH:  8    Dex:  8    Spells: 0 memorised, 4 levels left

rFire  . . .     SeeInvis .     a - +0 trident
rCold  + . .     Gourm    .     b - +0 scale mail
rNeg   . . .     Faith    .     c - +0 shield
rPois  .         Spirit   .     w - +0 helmet
rElec  .         Dismiss  .     (no cloak)
rCorr  .         Reflect  .     (no gloves)
SustAt .         Harm     .     (no barding)
MR     .....                    (no amulet)
Stlth  ..........               (no ring)
                                e - ring of protection from cold

@: lethally poisoned (-2 -> -29), very quick, not resistant to hostile
enchantments, extremely unstealthy
A: hooves 3, deformed body, speed 2, tough skin 3
a: Renounce Religion


You were on level 4 of the Dungeon.
You worshipped Okawaru.
Okawaru was noncommittal.
You were hungry.

You visited 1 branch of the dungeon, and saw 4 of its levels.

You collected 260 gold pieces.


Innate Abilities, Weirdness & Mutations

You have hooves in place of feet.
Armour fits poorly on your strangely shaped body.
You cover ground very quickly.
You have extremely tough skin (AC +3).


   Skills:
 - Level 3.1 Fighting
 + Level 5.5 Polearms
 - Level 2.2 Armour
 - Level 2.2 Shields


You had 4 spell levels left.
You didn't know any spells.

Inventory:

Hand Weapons
 a - a +0 trident (weapon)
Missiles
 p - 21 arrows
Armour
 b - a +0 scale mail (worn)
 c - a +0 shield (worn)
 w - a +0 helmet (worn)
Jewellery
 e - a ring of protection from cold (left hand)
Scrolls
 g - a scroll of fog {unknown}
 i - 2 scrolls of amnesia {unknown}
 k - a scroll of teleportation {unknown}
 l - a scroll of enchant armour {unknown}
 m - a scroll of enchant weapon {unknown}
 o - a scroll of noise {unknown}
 u - a scroll of random uselessness {unknown}
Potions
 d - a potion of might
 n - 2 potions of heal wounds
 q - a potion of brilliance
 s - a potion of agility
 t - a potion of flight {unknown}
 v - 3 potions of cure mutation
Comestibles
 f - 3 bread rations

Dungeon Overview and Level Annotations

Branches:
Dungeon (4/15)
 Temple: D:4-7

Altars:
Fedhas
Gozag
Okawaru


Message History

You completely miss the worker ant.
The worker ant is heavily wounded.
You feel sick. You block the worker ant's attack.
You block the worker ant's attack.
You barely miss the worker ant.
The worker ant is heavily wounded.
The worker ant bites you.
You hit the worker ant but do no damage.
Your kick misses the worker ant.
The worker ant is heavily wounded.
You feel sick.
The worker ant bites you but does no damage.
You barely miss the worker ant.
The worker ant is heavily wounded.
You feel sick. The worker ant barely misses you. The worker ant bites you.
You are more poisoned.
The worker ant poisons you!
You closely miss the worker ant. Your kick misses the worker ant.
The worker ant is heavily wounded.
You feel sick. You block the worker ant's attack.
You hit the worker ant. Your kick misses the worker ant.
The worker ant is heavily wounded.
You feel sick.
The worker ant waves its antennae.
The worker ant bites you but does no damage.
You barely miss the worker ant.
The worker ant is heavily wounded.
You feel sick. The worker ant bites you.
You are more poisoned.
The worker ant poisons you! The worker ant bites you.
You are more poisoned.
The worker ant poisons you!
You barely miss the worker ant.
The worker ant is heavily wounded.
You die...

#### .. ....... .
.....#. .#
.....#.#####.#
./...........###..
..................
#.....a..........
#.....@..........
#......<.........
#................
#................
#######..<#.####
........# #
#####...# #.#.#
..#.#


You could see a worker ant.

Action                   |  1- 3 |  4- 6 || total
-------------------------+-------+-------++-------
Melee: Trident           |   125 |   148 ||   273
  Use: Scroll            |       |     4 ||     4
       Potion            |       |     1 ||     1
  Eat: Chunk             |     1 |     5 ||     6

Notes
Turn   | Place    | Note
--------------------------------------------------------------
     0 | D:1      | Duffy the Centaur Fighter began the quest for the Orb.
     0 | D:1      | Reached XP level 1. HP: 19/19 MP: 1/1
   125 | D:1      | Reached skill level 2 in Polearms
   207 | D:1      | Reached XP level 2. HP: 26/26 MP: 2/2
   226 | D:1      | Found an iron altar of Okawaru.
   240 | D:1      | Became a worshipper of Warmaster Okawaru
  1012 | D:2      | Reached skill level 3 in Polearms
  1012 | D:2      | Reached XP level 3. HP: 20/31 MP: 3/3
  1927 | D:2      | Reached XP level 4. HP: 24/38 MP: 4/4
  2134 | D:3      | Found a blossoming altar of Fedhas.
  2283 | D:3      | Reached skill level 4 in Polearms
  2298 | D:3      | Reached XP level 5. HP: 10/45 MP: 5/5
  2655 | D:3      | Reached skill level 5 in Polearms
  3018 | D:3      | Found an opulent altar of Gozag.
  3517 | D:4      | Succumbed to a worker ant's poison

Vault maps used:
D:1:      arrival_zaba_pyramid, okawaru_ov_weapons_minmay
D:2:      minmay_misc_feat_diagonals
D:3:      nicolae_gozag_cash_rules_everything_around_me, first_bread,
          fedhas_altar_2
D:4:      grunt_temple_overflow_open, temple_statues, kennysheep_generic_room_8,
          uniq_sigmund

Vanquished Creatures
  A centaur zombie
  3 orc wizards
  2 worker ants
  2 adders
  A giant gecko
  6 orcs
  8 bats
  A giant cockroach
  3 goblins
  11 hobgoblins
  A ball python
  7 giant newts
  9 kobolds
  4 rats
59 creatures vanquished.
